 Dungeon Crawl Stone Soup version 0.15-a0-2102-gacb6860 (console) character file.

307 spidey the Chiller (level 6, 0/32 HPs)
             Began as a Deep Elf Ice Elementalist on July 15, 2014.
             Was a Believer of Cheibriados.
             Succumbed to an orc wizard's poison
             ... on Level 4 of the Dungeon.
             The game lasted 00:09:24 (1281 turns).

spidey the Chiller (Deep Elf Ice Elementalist)      Turns: 1281, Time: 00:09:24

HP   0/32        AC  3     Str  9      XL: 6   Next: 16%
MP   3/20        EV 13     Int 29      God: Cheibriados [**....]
Gold 112         SH  0     Dex 19      Spells:  3 memorised,  6 levels left

rFire  . . .     SeeInvis .     r - +6 scimitar "Uklodgh" {flame, Int+3}
rCold  . . .     Clarity  .     a - +0 robe
rNeg   + . .     rCorr    .     (no shield)
rPois  .         rRot     .     (no helmet)
rElec  .         Spirit   .     (no cloak)
SustAb .         Warding  +     m - +0 pair of gloves
rMut   .         Stasis   .     (no boots)
Gourm  .                        q - amulet of warding
MR     .....                    i - cursed ring of loudness
                                h - ring of flight

@: lethally poisoned, slowed, very slow, not resistant to hostile enchantments,
very unstealthy
A: no striking features
a: Bend Time, Renounce Religion, Evoke Flight


You were on level 4 of the Dungeon.
You worshipped Cheibriados.
Cheibriados was pleased with you.
You were hungry.

You visited 1 branch of the dungeon, and saw 4 of its levels.

You collected 112 gold pieces.

Inventory:

Hand weapons
 k - the +6 mace "Pneorr" {holy, rF++ MR+ Dex-4}
   (You found it on level 4 of the Dungeon)

   It has been blessed by the Shining One to cause great damage to the undead
   and demons.
   It affects your dexterity (-4).
   It greatly protects you from fire.
   It affects your resistance to hostile enchantments.
 r - the +6 scimitar "Uklodgh" (weapon) {flame, Int+3}
   (You found it on level 4 of the Dungeon)

   It emits flame when wielded, causing extra injury to most foes and up to
   double damage against particularly susceptible opponents.
   Big, fiery blades are also staple armaments of hydra-hunters.
   It affects your intelligence (+3).
Missiles
 g - 5 curare-tipped needles
Armour
 a - a +0 robe (worn)
 e - a +0 ring mail
 m - a +0 pair of gloves (worn)
 s - a mottled dragon hide
 t - a cursed +0 scale mail
Comestibles
 c - 4 bread rations
 d - 2 slices of pizza
 p - 2 meat rations
Scrolls
 f - a scroll of magic mapping {unknown}
 o - a scroll of blinking {unknown}
 v - a scroll of remove curse {unknown}
Jewellery
 h - a ring of flight (left hand)
 i - a cursed ring of loudness (right hand)
 q - an amulet of warding (around neck)
Potions
 l - a potion of agility
 u - a potion of restore abilities
Books
 b - a book of Frost

   Spells                             Type                      Level
   *Freeze                            Ice                          1
   *Throw Frost                       Conjuration/Ice              2
   Ozocubu's Armour                   Charms/Ice                   3
   *Throw Icicle                      Conjuration/Ice              4
   Summon Ice Beast                   Ice/Summoning                4
   Condensation Shield                Ice                          4


   Skills:
 * Level 2.9 Long Blades
 - Level 2.4 Dodging
 - Level 2.4 Stealth
 - Level 4.0 Spellcasting
 + Level 4.2 Conjurations
 + Level 4.4 Ice Magic


You had 6 spell levels left.
You knew the following spells:

 Your Spells              Type           Power        Failure   Level  Hunger
a - Freeze                Ice            ####         1%          1    None
b - Throw Frost           Conj/Ice       ####..       1%          2    None
c - Throw Icicle          Conj/Ice       ####....     14%         4    ####...


Dungeon Overview and Level Annotations

Branches:
Dungeon (4/15)
 Temple: D:4-7

Altars:
Cheibriados
The Shining One


Message History

The orc wizard points at you and mumbles some strange words.
You resist.
The orc wizard hits you with a dagger of venom.
* * * LOW HITPOINT WARNING * * *
You are more poisoned.
The orc wizard hits you but does no damage.
Drink which item? (? for menu, Esc to quit)
Okay, then.
You barely miss the orc wizard.
The orc wizard is heavily wounded.
* * * LOW HITPOINT WARNING * * *
You feel very sick.
The orc wizard hits you with a dagger of venom.
* * * LOW HITPOINT WARNING * * *
You are more poisoned.
The orc wizard hits you with a dagger of venom.
* * * LOW HITPOINT WARNING * * *
You closely miss the orc wizard.
The orc wizard is moderately wounded.
You die...

#..## #... ##..# #... #...#
##..# . ....## ###...# ...
. .....####....# ..... .
###..........# #..... .
#..........# ###...... hh
#..........###.o..# #
#.............@>.#
###...............## ..#
................### %.#
......#.........# ..
####............# ##.# #
##...........# #..# #
##..........### #..# ##
##...........######.####
### .#
#.......#.............###..


You could see an orc wizard.

Vanquished Creatures
  An orc warrior (D:4)
  An ogre (D:4)
  An iguana (D:4)
  4 adders
  A gnoll (D:3)
  A worm (D:4)
  5 orcs
  A ball python (D:3)
  A bat skeleton (D:4)
  5 giant cockroaches
  5 goblins
  3 hobgoblins (D:1)
  8 jackals (D:4)
  8 kobolds
  6 bats
  2 quokkas
  4 rats
  A rat skeleton (D:4)
58 creatures vanquished.

Notes
Turn   | Place    | Note
--------------------------------------------------------------
     0 | D:1      | spidey, the Deep Elf Ice Elementalist, began the quest for the Orb.
     0 | D:1      | Reached XP level 1. HP: 10/10 MP: 5/5
   108 | D:1      | Reached XP level 2. HP: 12/15 MP: 1/8
   119 | D:1      | Reached skill level 4 in Spellcasting
   124 | D:1      | Learned a level 2 spell: Throw Frost
   425 | D:2      | Reached XP level 3. HP: 6/19 MP: 10/12
   537 | D:2      | Found a snail-covered altar of Cheibriados.
   551 | D:2      | Found a glowing golden altar of the Shining One.
   554 | D:2      | Became a worshipper of Cheibriados the Contemplative
   855 | D:4      | Reached XP level 4. HP: 18/24 MP: 3/15
   861 | D:4      | Learned a level 4 spell: Throw Icicle
   896 | D:4      | Got a dazzling scimitar
   897 | D:4      | Identified the +6 scimitar "Uklodgh" {flame, Int+3} (You found it on level 4 of the Dungeon)
  1030 | D:4      | Got an encrusted mace
  1035 | D:4      | Identified the +6 mace "Pneorr" {holy, rF++ MR+ Dex-4} (You found it on level 4 of the Dungeon)
  1169 | D:4      | Reached skill level 1 in Long Blades
  1222 | D:4      | Noticed an ogre
  1226 | D:4      | Killed an ogre
  1226 | D:4      | Reached XP level 5. HP: 21/28 MP: 9/18
  1266 | D:4      | Noticed an orc warrior
  1272 | D:4      | Killed an orc warrior
  1272 | D:4      | Reached XP level 6. HP: 29/32 MP: 2/20
  1281 | D:4      | Succumbed to an orc wizard's poison

Action                   |  1- 3 |  4- 6 || total
-------------------------+-------+-------++-------
Melee: Unarmed           |     6 |       ||     6
       Dagger            |    15 |       ||    15
       Mace              |    10 |     2 ||    12
       Scimitar          |       |    33 ||    33
 Cast: Freeze            |    33 |    18 ||    51
       Throw Frost       |     8 |     2 ||    10
       Throw Icicle      |       |     5 ||     5
  Use: Scroll            |     3 |     1 ||     4
       Potion            |       |     1 ||     1
 Stab: Sleeping          |     3 |       ||     3
  Eat: Chunk             |       |     1 ||     1
